 Dungeon Crawl Stone Soup version 0.27.1-1-g398f81649c (webtiles) character file.

Game seed: 13075411343104913936

178 greenlake the Covered (level 5, -2/41 HPs)
             Began as a Gnoll Wanderer on Sept 14, 2021.
             Killed by divine providence
             ... invoked by an orc priest
              (16 damage)
             ... on level 4 of the Dungeon.
             The game lasted 00:08:07 (3611 turns).

greenlake the Covered (Gnoll Wanderer)              Turns: 3611, Time: 00:08:08

Health: -2/41      AC:  5    Str: 11    XL:     5   Next: 58%
Magic:  9/9        EV: 12    Int: 11    God:
Gold:   138        SH:  0    Dex: 13    Spells: 9/10 levels left

rFire    . . .     SeeInvis .   a - +0 shortbow
rCold    . . .     Faith    .   (shield currently unavailable)
rNeg     . . .     Spirit   .   d - +0 robe
rPois    .         Reflect  .   (no helmet)
rElec    .         Harm     .   (no cloak)
rCorr    .         Rampage  .   (no gloves)
Will     .....                  q - +2 pair of boots
Stlth    ++........             (no amulet)
HPRegen  0.13/turn              (no ring)
MPRegen  0.11/turn              (no ring)

@: no status effects
A: fangs 1, strong nose, distributed training
a: no special abilities


You were on level 4 of the Dungeon.
You visited 1 branch of the dungeon, and saw 4 of its levels.

You collected 138 gold pieces.

Inventory:

Hand Weapons
 a - a +0 shortbow (weapon)
 c - a +0 hand axe
 t - a +0 hand axe
 v - a +1 antimagic hand axe
Missiles
 b - 20 arrows (quivered ammo)
 g - 15 bolts
 r - 20 poisoned darts
Armour
 d - a +0 robe (worn)
 q - a +2 pair of boots (worn)
Jewellery
 e - a +6 ring of intelligence
 i - a +6 ring of strength
 o - a +6 ring of dexterity
Scrolls
 h - 3 scrolls of identify {unknown}
 k - a scroll of magic mapping {unknown}
 l - a scroll of fog {unknown}
 m - a scroll of torment {unknown}
 u - a scroll of silence {unknown}
 w - a scroll of immolation {unknown}
Potions
 f - a potion of resistance {unknown}
 j - 5 potions of flight {unknown}
 n - 2 potions of curing {unknown}
 p - a potion of attraction {unknown}
 s - a potion of mutation {unknown}


   Skills:
 + Level 3.0 Fighting
 + Level 1.5 Short Blades
 + Level 1.5 Long Blades
 + Level 4.8 Axes
 + Level 1.5 Maces & Flails
 + Level 1.5 Polearms
 + Level 1.5 Staves
 + Level 1.5 Slings
 + Level 1.5 Bows
 + Level 1.5 Crossbows
 + Level 1.5 Throwing
 + Level 4.8 Armour
 + Level 1.5 Dodging
 + Level 2.8 Stealth
 + Level 1.5 Shields
 + Level 1.5 Unarmed Combat
 + Level 3.2 Spellcasting
 + Level 1.2 Conjurations
 + Level 1.2 Hexes
 + Level 1.2 Summonings
 + Level 1.2 Necromancy
 + Level 1.2 Translocations
 + Level 1.2 Transmutations
 + Level 4.0 Fire Magic
 + Level 1.2 Ice Magic
 + Level 1.2 Air Magic
 + Level 1.2 Earth Magic
 + Level 1.2 Poison Magic
 + Level 1.7 Invocations
 + Level 3.0 Evocations


You had 9 spell levels left.
You knew the following spells:

 Your Spells              Type           Power      Damage    Failure   Level
a - Foxfire               Conj/Fire      28%        2x1d5     9%          1

Your spell library contained the following spells:

 Spells                   Type           Power      Damage    Failure   Level
 Corpse Rot               Necr/Air       N/A        N/A       24%         2
 Conjure Flame            Conj/Fire      7%         6-21      26%         3
 Inner Flame              Hex/Fire       7%         N/A       26%         3
 Sticky Flame             Conj/Fire      7%         2d3       65%         4
 Dispel Undead            Necr           4%         3d7       83%         4
 Fireball                 Conj/Fire      3%         3d4       94%         5
 Death Channel            Necr           2%         N/A       100%        6


Dungeon Overview and Level Annotations

Branches:
Dungeon (4/15)
 Temple: D:4-7

Altars:
Qazlal
Trog

Shops:
D:3 ?

Annotations:
D:4 Blork the orc, Dowan, Duvessa


Innate Abilities, Weirdness & Mutations

You have very sharp teeth.
Your uncanny sense of smell can sniff out nearby items.
Your experience applies equally to all skills.


Message History

Things that are here:
a +0 whip; 2 stones
b - 26 arrows (gained 1)
b - 27 arrows (gained 1)
You open the door.
Things that are here:
a +0 whip; 2 stones
There is a large open door here.
You see here a +0 dagger.
You shoot an arrow. The orc shouts!
The orc priest shouts!
The arrow hits the orc priest.
The orc priest is lightly wounded.
You hear a shout!
You shoot an arrow. The arrow hits the orc priest.
The orc priest is moderately wounded.
You shoot an arrow. The orc shouts!
The arrow hits the orc but does no damage.
The orc priest casts a cantrip, but nothing happens.
You shoot an arrow. The arrow barely misses the orc.
The arrow hits the orc.
The orc is heavily wounded.
You shoot an arrow. The arrow hits the orc.
The orc is almost dead.
The orc priest mumbles some strange prayers to Beogh against you.
Beogh smites you!
You shoot an arrow. The arrow closely misses the orc.
The arrow hits the orc but does no damage.
The orc is heavily wounded.
The orc hits you with a +0 hand axe.
You shoot an arrow.
The arrow hits the orc but does no damage.
The orc is severely wounded.
The orc barely misses you.
A kobold comes into view. It is wielding a +0 short sword.
The orc priest calls down the wrath of Beogh upon you.
Beogh smites you! The orc closely misses you.
The orc priest mumbles some strange prayers to Beogh against you.
Beogh smites you!
You die...

(...(K.(.......#...##.8.##..##
...(........o###..##.....##..#
.....###.##.###.##...+...##.#
#.... #.##o##..#...#+#...#.#
.... #.##.##..'8.##.##.8'.# #
#....o...#.##...##.#.# ...#
##.##.o..###.....###.# .#..
....###..##..#....##.# ....
.......##@#..###.#..#.# .###
..8#...#..#...###..##...# ..#
..##......#............## ..<.
## #.................## #...
#.#...........<)...#
#..................#
####.................#
.....................#
######........)......#


You could see an orc priest and 2 orcs.

Vanquished Creatures
  An ogre (D:4)
  An adder (D:3)
  An ufetubus (D:4)
  3 worms
  5 dart slugs
  An orc (D:3)
  An endoplasm (D:1)
  2 giant cockroaches
  8 goblins
  9 hobgoblins
  7 jackals (D:2)
  6 kobolds
  2 quokkas (D:2)
  6 ball pythons
  2 bats (D:1)
  2 frilled lizards (D:3)
  4 rats
61 creatures vanquished.

Notes
Turn   | Place    | Note
-------+----------+-------------------------------------------
     0 | D:1      | greenlake the Gnoll Wanderer began the quest for the Orb.
     0 | D:1      | greenlake set off with the following items: a +0 shortbow,
                  | 19 arrows, a +0 hand axe, a +0 robe; and the following
                  | spell memorised: Foxfire; and the following spells
                  | available to memorise: Conjure Flame, Inner Flame, Sticky
                  | Flame, Fireball
     0 | D:1      | Reached XP level 1. HP: 17/17 MP: 4/4
    76 | D:1      | Reached XP level 2. HP: 23/23 MP: 5/5
   370 | D:1      | Reached XP level 3. HP: 28/28 MP: 7/7
   934 | D:2      | Reached skill level 1 in Invocations
  1375 | D:2      | Reached skill level 1 in Short Blades
  1375 | D:2      | Reached skill level 1 in Long Blades
  1375 | D:2      | Reached skill level 1 in Maces & Flails
  1375 | D:2      | Reached skill level 1 in Polearms
  1375 | D:2      | Reached skill level 1 in Staves
  1375 | D:2      | Reached skill level 1 in Slings
  1375 | D:2      | Reached skill level 1 in Bows
  1375 | D:2      | Reached skill level 1 in Crossbows
  1375 | D:2      | Reached skill level 1 in Throwing
  1375 | D:2      | Reached skill level 1 in Dodging
  1375 | D:2      | Reached skill level 1 in Shields
  1375 | D:2      | Reached skill level 1 in Unarmed Combat
  1926 | D:2      | Reached XP level 4. HP: 34/34 MP: 8/8
  2466 | D:3      | Found Morghaam's Magic Scroll Shop.
  2516 | D:3      | Found a bloodstained altar of Trog.
  2581 | D:3      | Found a stormy altar of Qazlal.
  2827 | D:4      | Noticed Dowan
  2874 | D:4      | Noticed Duvessa
  2929 | D:4      | Noticed an ogre
  2979 | D:4      | Noticed Blork the orc
  3027 | D:3      | Reached skill level 1 in Conjurations
  3027 | D:3      | Reached skill level 1 in Hexes
  3027 | D:3      | Reached skill level 1 in Summonings
  3027 | D:3      | Reached skill level 1 in Necromancy
  3027 | D:3      | Reached skill level 1 in Translocations
  3027 | D:3      | Reached skill level 1 in Transmutations
  3027 | D:3      | Reached skill level 1 in Ice Magic
  3027 | D:3      | Reached skill level 1 in Air Magic
  3027 | D:3      | Reached skill level 1 in Earth Magic
  3027 | D:3      | Reached skill level 1 in Poison Magic
  3211 | D:4      | Killed an ogre
  3212 | D:4      | Reached XP level 5. HP: 6/41 MP: 9/9
  3611 | D:4      | Killed from afar by an orc priest

Illustrated notes

Levels and vault maps discovered:
D:1:      minmay_arrival_jagged, layout_basic, kennysheep_nondescript
D:2:      layout_loops_corners
D:3:      layout_basic, mainiacjoe_overflow_big_doors, serial_shops, shop
D:4:      layout_rooms, makhleb_blood_cavern_becter,
          chequers_serial_rivers_micro_b, st_stairs_6, grunt_decor_arrowhead,
          ebering_dispersal_statue_hall, uniq_blork_the_orc, uniq_duvessa

Skill      XL: |  1  2  3  4 |
---------------+-------------+-----
Invocations    | 1 |  1.7
Short Blades   | 1 |  1.5
Long Blades    | 1 |  1.5
Maces & Flails | 1 |  1.5
Polearms       | 1 |  1.5
Staves         | 1 |  1.5
Slings         | 1 |  1.5
Bows           | 1 |  1.5
Crossbows      | 1 |  1.5
Throwing       | 1 |  1.5
Dodging        | 1 |  1.5
Shields        | 1 |  1.5
Unarmed Combat | 1 |  1.5
Spellcasting   | 3 |  3.2
Conjurations   | 1 |  1.2
Hexes          | 1 |  1.2
Summonings     | 1 |  1.2
Necromancy     | 1 |  1.2
Translocations | 1 |  1.2
Transmutations | 1 |  1.2
Ice Magic      | 1 |  1.2
Air Magic      | 1 |  1.2
Earth Magic    | 1 |  1.2
Poison Magic   | 1 |  1.2
Fighting       | 3 |  3.0
Fire Magic     | 4 |  4.0
Evocations     | 3 |  3.0
Axes           | |  4.8
Armour         | |  4.8
Stealth        | |  2.8

Action                   |  1- 3 |  4- 6 || total
-------------------------+-------+-------++-------
 Fire: Shortbow          |   104 |    76 ||   180
Armor: Robe              |    10 |     7 ||    17
Dodge: Dodged            |    21 |    15 ||    36
